 Dungeon Crawl Stone Soup version 0.25.0-46-gbd7b0854d2 (webtiles) character file.

Game seed: 9157054408058049178

95 Jimbable the Poker (level 4, -1/34 HPs)
             Began as a Merfolk Gladiator on July 16, 2020.
             Slain by a gnoll (5 damage)
             ... on level 1 of the Dungeon.
             The game lasted 00:03:22 (1969 turns).

Jimbable the Poker (Merfolk Gladiator)              Turns: 1969, Time: 00:03:22

Health: -1/34      AC:  5    Str: 15    XL:     4   Next: 65%
Magic:  4/4        EV: 14    Int:  7    God:
Gold:   109        SH:  0    Dex: 15    Spells: 3/3 levels left

rFire    . . .     SeeInvis .   a - +0 trident
rCold    . . .     Gourm    .   (no shield)
rNeg     . . .     Faith    .   b - +0 leather armour
rPois    .         Spirit   .   c - +0 helmet
rElec    .         Reflect  .   (no cloak)
rCorr    .         Harm     .   (no gloves)
MR       .....                  k - +0 pair of boots
Stlth    ++........             (no amulet)
HPRegen  0.11/turn              (no ring)
MPRegen  0.09/turn              (no ring)

@: no status effects
A: change form in water, swift swim, stealthy swim
a: no special abilities


You were on level 1 of the Dungeon.
You were not hungry.

You visited 1 branch of the dungeon, and saw 2 of its levels.

You collected 109 gold pieces.

Inventory:

Hand Weapons
 a - a +0 trident (weapon)
Missiles
 d - 2 throwing nets (quivered)
Armour
 b - a +0 leather armour (worn)
 c - a +0 helmet (worn)
 k - a +0 pair of boots (worn)
Scrolls
 e - 4 scrolls of identify {unknown}
 i - a scroll of magic mapping {unknown}
 n - a scroll of enchant weapon {unknown}
 o - a scroll of remove curse {unknown}
Potions
 h - a potion of haste {unknown}
 j - a potion of lignification {unknown}
 l - a potion of berserk rage {unknown}
 m - a potion of curing {unknown}
 p - a potion of heal wounds {unknown}
Comestibles
 f - 4 rations


   Skills:
 + Level 2.5 Fighting
 + Level 6.3 Polearms
 + Level 2.0 Throwing
 + Level 0.5 Armour
 + Level 4.8 Dodging
 + Level 1.0 Stealth


You had 3 spell levels left.
You didn't know any spells.
Your spell library was empty.

Dungeon Overview and Level Annotations

Branches:
Dungeon (2/15)

Altars:


Message History

The gnoll misses you.
You closely miss the gnoll.
The gnoll is severely wounded.
The gnoll completely misses you. The gnoll hits you.
* * * LOW HITPOINT WARNING * * *
Throwing (i - inventory)
d - 3 throwing nets (quivered)
Press: ? - help, Shift-Dir - straight line, f - gnoll
Aim: a gnoll, wielding a -1 club (severely wounded)
You throw a throwing net. The throwing net hits the gnoll.
The gnoll is caught in the net!
The gnoll is severely wounded.
The gnoll struggles against the net.
The gnoll misses you.
You catch the helpless gnoll completely off-guard!
You hit the gnoll.
The gnoll is almost dead.
The gnoll struggles against the net.
The gnoll closely misses you.
You hit the gnoll but do no damage.
The gnoll is almost dead.
The gnoll struggles against the net.
The gnoll hits you.
You die...

######### ###....g..###
#.'.>.>÷@.+.######
#.#....÷g.#......#
#########.#########......#
..........#.......#......#
#########.+...<...'......#
..# #...#.#.......#....[.#
..# #...#.#########......#
..###...#.............÷..####
....+....................'..#


You could see 2 gnolls.

Vanquished Creatures
  A worker ant zombie (D:2)
  3 adders
  2 oozes (D:1)
  2 worms (D:2)
  A dart slug (D:1)
  2 leopard geckos (D:1)
  4 giant cockroaches
  2 goblins (D:2)
  A hobgoblin (D:1)
  6 jackals
  5 bats
  3 frilled lizards
  5 kobolds
  5 rats
42 creatures vanquished.

Notes
Turn   | Place    | Note
-------+----------+-------------------------------------------
     0 | D:1      | Jimbable the Merfolk Gladiator began the quest for the Orb.
     0 | D:1      | Reached XP level 1. HP: 16/16 MP: 1/1
    22 | D:1      | Reached XP level 2. HP: 15/22 MP: 2/2
   303 | D:1      | Reached skill level 5 in Polearms
   389 | D:1      | Reached XP level 3. HP: 27/27 MP: 3/3
  1115 | D:2      | Reached XP level 4. HP: 27/34 MP: 4/4
  1334 | D:2      | Reached skill level 6 in Polearms
  1852 | D:1      | Reached skill level 1 in Stealth
  1969 | D:1      | Slain by a gnoll

Illustrated notes

Levels and vault maps discovered:
D:1:      minmay_arrival_up_and_down, layout_basic, serial_curves,
          eino_curves_01, eino_curves_03
D:2:      layout_loops_corners, first_ration

Skill      XL: |  1  2  3  4 |
---------------+-------------+-----
Polearms       | 5 6 |  6.3
Stealth        | 1 |  1.0
Fighting       | |  2.5
Throwing       | |  2.0
Armour         | |  0.5
Dodging        | |  4.8

Action                   |  1- 3 |  4- 6 || total
-------------------------+-------+-------++-------
Melee: Trident           |    98 |    45 ||   143
Throw: Throwing net      |       |     1 ||     1
 Stab: Distracted        |     1 |       ||     1
       Sleeping          |     2 |     1 ||     3
       Held in net/web   |       |     1 ||     1
  Eat: Chunk             |     1 |     2 ||     3
Armor: Leather armour    |    18 |    10 ||    28
Dodge: Dodged            |    56 |    45 ||   101
